 Dungeon Crawl Stone Soup version 0.21-a0-518-g43a1781 (webtiles) character file.

33 tof the Grasshopper (level 3, 0/24 HPs)
             Began as a Halfling Warper on Dec 4, 2017.
             Succumbed to an adder's poison
             ... on level 1 of the Dungeon.
             The game lasted 00:04:13 (1587 turns).

tof the Grasshopper (Halfling Warper)               Turns: 1587, Time: 00:04:13

Health: 0/24       AC:  3    Str: 12    XL:     3   Next: 47%
Magic:  3/5        EV: 14    Int: 11    God:
Gold:   40         SH:  0    Dex: 14    Spells: 3/5 levels left

rFire    x . .     SeeInvis .   a - +0 short sword
rCold    + . .     Gourm    .   (shield restricted)
rNeg     . . .     Faith    .   b - +0 leather armour
rPois    .         Spirit   .   (no helmet)
rElec    .         Reflect  .   (no cloak)
rCorr    .         Harm     .   (no gloves)
MR       .....                  (no boots)
Stlth    +.........             (no amulet)
HPRegen  0.08/turn              k - ring of ice
MPRegen  0.09/turn              (no ring)

@: lethally poisoned (0 -> -6), very slightly contaminated, hasted, invisible,
very quick
A: small, mutation resistance 1
a: no special abilities


You were on level 1 of the Dungeon.
You were not hungry.

You visited 1 branch of the dungeon, and saw 2 of its levels.

You collected 40 gold pieces.

Inventory:

Hand Weapons
 a - a +0 short sword (weapon)
Missiles
 e - 5 tomahawks of dispersal (quivered)
 l - 12 poisoned needles
Armour
 b - a +0 leather armour (worn)
 g - a cursed +0 shield
Jewellery
 k - a ring of ice (left hand)
Scrolls
 d - a scroll of blinking
 n - a scroll of identify {unknown}
Potions
 o - a potion of curing {unknown}
Books
 c - a book of Spatial Translocations

   Spells                             Type                      Level
   a - Blink                          Translocation                2
   b - Shroud of Golubria             Charms/Translocation         2
   c - Lesser Beckoning               Translocation                3
   d - Gell's Gravitas                Translocation                3
   e - Teleport Other                 Translocation                3
   f - Passage of Golubria            Translocation                4
Comestibles
 f - a bread ration
 h - a fruit
 i - 2 royal jellies
 p - 2 chunks of flesh


   Skills:
 + Level 2.0 Fighting
 * Level 3.2 Short Blades
 + Level 1.4 Throwing
 + Level 1.4 Armour
 + Level 2.5 Dodging
 + Level 0.3 Shields
 + Level 1.7 Spellcasting
 - Level 3.2 Translocations


You had 3 spell levels left.
You knew the following spells:

 Your Spells              Type           Power        Failure   Level  Hunger
a - Blink                 Tloc           N/A          16%         2    ###....


Dungeon Overview and Level Annotations

Branches:
Dungeon (2/15)

Altars:


Innate Abilities, Weirdness & Mutations

You are small and have problems with some larger weapons.
You are somewhat resistant to further mutation.


Message History

The adder is heavily wounded.
The adder closely misses you.
You barely miss the adder.
The adder is heavily wounded.
The adder bites you.
* * * LOW HITPOINT WARNING * * *
You are lethally poisoned!
The adder poisons you!
It was a potion of haste.
You feel yourself speed up.
* * * LOW HITPOINT WARNING * * *
You feel sick. The adder bites you.
* * * LOW HITPOINT WARNING * * *
It was a potion of invisibility.
You fade into invisibility!
The adder closely misses you.
You are very lightly contaminated with residual magic.
Casting: Blink
Confirm with . or Enter, or press ? or * to list all spells.
You blink.
You die...

#.###### #.#....#.######.........
..##...###......#S######.........
.......'........#§##.............
.÷##...#........#.##.####........
..##...##.##.#..#.##.# #########
..##.(.'...#....#.##.########
####...##....#..#.##.##.....#
#...##.##.(.##.##..#.###.#
#...#####.#..@.###.#.#...#
#...##..).#(##.....#.#.###
#...##....#.##.#.........#
######...(#.##.#....##.#.#####
#####'#.##.#....##........
#..........'....####.#####
#.........##.........#...#
#.........##.....#........
#####'##'###.....#.#...#..


You could see an adder.

Vanquished Creatures
  4 dart slugs (D:1)
  A giant cockroach (D:1)
  3 goblins (D:1)
  7 hobgoblins (D:1)
  A ball python (D:1)
  2 bats (D:1)
  4 frilled lizards (D:1)
  2 kobolds (D:1)
  A rat (D:1)
25 creatures vanquished.

Notes
Turn   | Place    | Note
-------+----------+-------------------------------------------
     0 | D:1      | tof the Halfling Warper began the quest for the Orb.
     0 | D:1      | Reached XP level 1. HP: 14/14 MP: 3/3
   380 | D:1      | Reached XP level 2. HP: 17/19 MP: 4/4
   941 | D:1      | You fall through a shaft!
  1156 | D:1      | Learned a level 2 spell: Blink
  1365 | D:1      | Reached XP level 3. HP: 24/24 MP: 5/5
  1585 | D:1      | HP: 1/24 [adder (3)]
  1587 | D:1      | Succumbed to an adder's poison

Vault maps used:
D:1:      mrwooster_arrival_statue
D:2:      first_bread

Skill      XL: |  1  2  3 |
---------------+----------+-----
Short Blades   | 3 |  3.2
Fighting       | 2 |  2.0
Throwing       | |  1.4
Armour         | |  1.4
Dodging        | |  2.5
Shields        | |  0.3
Spellcasting   | |  1.7
Translocations | |  3.2

Action                   || total
-------------------------++-------
Melee: Short sword       ||   140
 Cast: Blink             ||     1
  Use: Potion            ||     2
  Eat: Chunk             ||     2
Armor: Leather armour    ||    21
Dodge: Dodged            ||   114

Table legend:
 A = Spawn XP
 B = Non-spawn XP
 C = Spawn XP percentage of total XP
 D = Spawn monster count
 E = Non-spawn monster count
 F = Spawn count percentage of total count
 G = Total turns spent on level
                    A         B        C        D         E        F      G
               +---------+---------+-------+---------+---------+-------+---------
         Total |       0 |      48 |   0.0 |       0 |      25 |   0.0 |  1587
               +---------+---------+-------+---------+---------+-------+---------
           D:1 |       0 |      48 |   0.0 |       0 |      25 |   0.0 |  1568
               +---------+---------+-------+---------+---------+-------+---------
